Map: Lightshade LE

Players

GogojOey

  • Race: Zerg Zerg

ButAlways - Winner!

  • Race: Protoss Protoss

Event: DreamHack SC2 Masters 2021 Fall

VOD

Have the link to the VOD?

Description

Time

  • Played on: July 28, 2021, 11:09 a.m.
  • Length: 17:31

All games in this series

Show
View Real Time Build Order
Export as new Build Order

GogojOey Zerg 

Build Orders: Hatch First 

Get SALT Encoding   

  12  0:00  Drone  
  13  0:12  Overlord  
  13  0:16  Drone  
  14  0:31  Drone x2  
  16  0:38  Drone  
  17  0:53  Hatchery  
  17  0:54  Drone  
  17  0:58  Drone  
  18  1:08  Extractor  
  17  1:12  Spawning Pool  
  17  1:15  Drone  
  17  1:18  Drone  
  18  1:28  Drone  
  19  1:44  Drone  
  20  1:51  Drone  
  21  2:00  Zergling x2  
  22  2:04  Queen  
  22  2:07  Zergling x2  
  25  2:09  Queen  
  25  2:13  Zergling x2  
  28  2:19  Overlord  
  28  2:31  Roach Warren  
  28  2:34  Drone  
  27  2:54  Hatchery  
  26  3:03  Zergling x2  
  26  3:04  Zergling x2  
  26  3:17  Roach x2  
  27  3:23  Roach  
  29  3:28  Drone  
  27  3:40  Drone  
  28  3:42  Overlord  
  28  3:44  Queen  
  30  4:03  Spore Crawler  
  27  4:15  Hatchery  
  28  4:17  Ravager  
  28  4:20  Drone  
  29  4:27  Drone x2  
  31  4:34  Spore Crawler  
  30  4:39  Ravager  
  31  4:47  Drone x2  
  31  4:50  Overlord  
  31  4:51  Drone  
  34  4:55  Drone x2  
  36  5:07  Queen  
  36  5:10  Queen  
  40  5:15  Drone x2  
  42  5:22  Overlord  
  42  5:23  Drone  
  42  5:26  Drone  
  44  5:30  Drone x2  
  44  5:31  Drone  
  47  5:37  Queen  
  49  5:44  Queen  
  49  5:45  Drone  
  49  5:49  Drone x2  
  54  5:54  Drone, Overlord  
  55  6:03  Queen  
  55  6:13  Queen  
  55  6:15  Drone  
  55  6:16  Drone x4  
  55  6:17  Spore Crawler  
  61  6:22  Spore Crawler  
  61  6:23  Queen  
  62  6:38  Drone x4  
  62  6:39  Queen  
  66  6:49  Overlord x2  
  66  6:58  Overlord  
  66  7:01  Overlord  
  66  7:03  Spore Crawler  
  66  7:05  Overlord  
  66  7:06  Queen  
  66  7:07  Queen  
  69  7:11  Drone x3  
  69  7:14  Queen  
  74  7:20  Drone x2  
  76  7:23  Drone x5  
  76  7:25  Extractor, Drone x3  
  83  7:31  Drone x2  
  83  7:32  Spore Crawler x2  
  83  7:37  Drone x2  
  83  7:38  Drone x2  
  83  7:44  Spore Crawler  
  86  7:45  Zergling x2, Roach x3  
  93  7:53  Queen  
  93  7:54  Zergling x6  
  93  7:57  Overlord  
  98  8:00  Metabolic Boost  
  98  8:05  Overlord  
  98  8:10  Overlord x2  
  98  8:13  Overlord  
  98  8:15  Queen  
  98  8:17  Drone x2  
  98  8:25  Overlord  
  98  8:31  Drone x2  
  98  8:32  Drone x2  
  102  8:35  Spore Crawler, Drone x5  
  102  8:36  Drone x2  
  102  8:38  Lair  
  102  8:39  Queen  
  110  8:43  Evolution Chamber  
  109  8:52  Drone  
  109  8:53  Drone x3  
  109  8:54  Queen  
  115  8:56  Extractor, Drone  
  115  8:57  Extractor  
  115  8:59  Extractor x2  
  112  9:10  Overlord x2  
  112  9:11  Drone  
  112  9:16  Zerg Missile Weapons Level 1  
  112  9:18  Queen  
  114  9:26  Drone x2  
  114  9:27  Overlord  
  114  9:30  Hatchery  
  115  9:34  Ravager x4, Zergling x2  
  115  9:35  Zergling x4, Queen x2  
  127  9:52  Hatchery  
  123  10:05  Overlord  
  120  10:09  Roach x9  
  133  10:14  Zergling x2, Roach x5  
  138  10:23  Queen  
  138  10:31  Glial Reconstitution  
  138  10:33  Zergling x6  
  136  10:42  Queen  
  137  10:44  Drone x3  
  137  10:47  Hatchery  
  137  10:48  Ravager  
  140  10:51  Overlord x3  
  140  10:59  Infestation Pit  
  140  11:00  Overlord  
  140  11:01  Evolution Chamber  
  140  11:02  Baneling Nest  
  137  11:10  Roach x5  
  146  11:15  Zergling x6, Roach  
  148  11:21  Ravager x3  
  148  11:22  Ravager x3  
  145  11:52  Lair  
  145  11:53  Zerg Melee Weapons Level 1  
  142  11:54  Evolution Chamber  
  140  12:05  Roach x7  
  149  12:08  Ravager  
  149  12:09  Ravager  
  149  12:12  Roach  
  149  12:13  Roach  
  154  12:30  Hatchery  
  154  12:31  Zergling x10, Roach x2  
  162  12:39  Overlord x3  
  160  12:46  Overlord  
  160  12:52  Hatchery  
  151  13:06  Roach x5  
  151  13:12  Ravager x2  
  163  13:13  Ravager x2  
  163  13:14  Roach  
  163  13:16  Overseer  
  163  13:17  Overseer  
  167  13:21  Zergling x4, Roach x2  
  170  13:39  Roach x3  
  173  13:43  Roach  
  173  13:47  Zergling x8, Roach x2  
  179  13:50  Spine Crawler  
  179  13:52  Spine Crawler  
  176  13:55  Overlord  
  176  13:59  Roach  
  177  14:05  Pneumatized Carapace  
  177  14:07  Drone x3  
  180  14:14  Zergling x2, Roach x2  
  184  14:20  Zergling x2, Roach x2  
  189  14:30  Zergling x2, Roach  
  192  14:34  Overlord  
  192  14:35  Zerg Missile Weapons Level 2  
  191  14:38  Zerg Melee Weapons Level 2  
  191  14:41  Overlord, Spire  
  191  14:45  Zergling x4  
  169  15:09  Roach x3  
  169  15:10  Zergling x4, Overlord, Roach  
  169  15:11  Overlord x4  
  148  15:22  Roach x3  
  134  15:31  Queen x3  
  134  15:33  Zergling x6  
  114  15:45  Drone x6  
  118  15:56  Corruptor  
  118  15:59  Corruptor x2  
  120  16:04  Corruptor  
  122  16:13  Corruptor  
  124  16:19  Corruptor  
  124  16:24  Corruptor  
  128  16:29  Overseer  
  128  16:34  Corruptor  
  129  16:47  Corruptor x2  
Show
View Real Time Build Order
Export as new Build Order

ButAlways Protoss - Winner!

Build Orders: Cannon Rush 

Get SALT Encoding   

  12  0:00  Probe  
  13  0:12  Probe  
  14  0:20  Pylon  
  14  0:24  Probe  
  15  0:38  Probe (Chrono Boost)  
  15  0:41  Gateway  
  16  0:46  Probe (Chrono Boost)  
  16  0:47  Assimilator  
  17  0:52  Probe  
  18  1:04  Probe  
  18  1:07  Pylon  
  19  1:12  Forge  
  19  1:17  Pylon  
  19  1:33  Cybernetics Core  
  19  1:47  Photon Cannon x2  
  19  1:55  Photon Cannon  
  19  1:58  Probe  
  20  2:10  Adept (Chrono Boost)  
  22  2:24  Nexus  
  22  2:35  Assimilator  
  22  2:36  Pylon  
  22  2:42  Adept  
  24  2:54  Photon Cannon  
  24  3:05  Stargate  
  24  3:08  Pylon, Probe  
  25  3:21  Probe  
  25  3:24  Stalker  
  25  3:26  Stargate  
  28  3:33  Probe  
  29  3:36  Probe  
  28  3:42  Warp Gate  
  28  3:45  Probe  
  31  3:58  Shield Battery  
  31  3:59  Pylon  
  31  4:04  Void Ray (Chrono Boost)  
  31  4:16  Probe x2 (Chrono Boost)  
  35  4:27  Probe x2 (Chrono Boost)  
  37  4:31  Void Ray (Chrono Boost), Probe x2 (Chrono Boost)  
  39  4:42  Probe x2  
  45  4:50  Assimilator  
  45  4:52  Assimilator  
  45  4:54  Probe x2  
  45  4:57  Shield Battery  
  45  4:59  Pylon, Void Ray (Chrono Boost)  
  45  5:06  Probe  
  50  5:09  Probe  
  51  5:16  Shield Battery  
  52  5:21  Probe x2  
  52  5:26  Void Ray (Chrono Boost)  
  53  5:33  Probe  
  58  5:38  Probe  
  59  5:46  Shield Battery  
  59  5:47  Shield Battery  
  59  5:49  Probe  
  60  5:51  Stargate, Probe  
  61  6:01  Probe  
  62  6:05  Shield Battery, Void Ray (Chrono Boost)  
  62  6:06  Shield Battery  
  62  6:09  Protoss Air Weapons Level 1  
  62  6:15  Probe  
  67  6:20  Pylon x2  
  67  6:26  Shield Battery  
  63  6:33  Void Ray (Chrono Boost)  
  67  6:41  Nexus  
  67  6:42  Probe  
  67  6:43  Probe  
  67  6:45  Void Ray  
  73  6:54  Probe  
  73  6:55  Probe  
  75  7:03  Twilight Council  
  75  7:07  Void Ray, Probe  
  75  7:08  Probe  
  77  7:09  Pylon  
  81  7:19  Probe  
  81  7:20  Probe  
  81  7:21  Protoss Ground Weapons Level 1  
  83  7:31  Probe  
  83  7:32  Probe  
  83  7:36  Pylon, Blink (Chrono Boost)  
  85  7:38  Pylon  
  85  7:46  Gateway  
  85  7:48  Gateway  
  85  7:56  Gateway  
  85  7:58  Gateway, Dark Shrine  
  85  8:04  Shield Battery  
  85  8:05  Stalker  
  87  8:12  Gateway  
  87  8:14  Gateway  
  87  8:20  Probe  
  87  8:24  Probe  
  87  8:26  Assimilator, Probe  
  90  8:35  Probe  
  90  8:37  Stalker  
  93  8:43  Gateway  
  93  8:44  Stalker x2  
  97  8:57  Robotics Facility  
  97  9:03  Stalker x3  
  103  9:10  Charge (Chrono Boost)  
  103  9:13  Void Ray  
  103  9:20  Assimilator  
  103  9:21  Pylon  
  107  9:27  Stalker x7  
  107  9:30  Protoss Ground Weapons Level 2 (Chrono Boost)  
  121  9:34  Photon Cannon  
  121  9:53  Nexus  
  121  9:57  Templar Archives  
  121  10:01  Stalker x4  
  121  10:06  Pylon  
  129  10:07  Pylon  
  117  10:18  Stalker x3  
  121  10:38  Stalker x5  
  127  10:45  Observer  
  127  10:48  Fleet Beacon  
  126  10:50  Pylon  
  126  10:56  Stalker x3  
  130  11:02  Stalker x2  
  132  11:24  Stalker x6  
  144  11:28  Probe x3  
  145  11:42  Probe  
  142  11:50  Stalker x6  
  142  11:52  Probe  
  145  11:58  Probe  
  145  11:59  Observer  
  144  12:01  Probe  
  144  12:03  Probe  
  135  12:12  Dark Templar x5  
  145  12:18  Probe x3  
  145  12:20  Protoss Ground Weapons Level 3 (Chrono Boost)  
  145  12:21  Assimilator  
  145  12:22  Assimilator  
  148  12:45  Stalker x7  
  150  13:13  Probe x3  
  157  13:20  Carrier (Chrono Boost)  
  157  13:21  Carrier (Chrono Boost)  
  157  13:24  Zealot  
  163  13:27  Pylon  
  163  13:33  Pylon x2  
  163  13:35  Pylon x2  
  163  13:37  Pylon, Stargate  
  155  13:48  Shield Battery  
  155  13:49  Stalker x4  
  155  13:51  Shield Battery  
  155  13:55  Shield Battery  
  159  14:06  Mothership (Chrono Boost)  
  167  14:14  Nexus  
  167  14:17  Carrier (Chrono Boost)  
  170  14:25  Archon  
  170  14:28  Carrier (Chrono Boost)  
  170  14:30  Zealot x4  
  172  14:37  Carrier (Chrono Boost)  
  172  14:54  Zealot x8  
  167  15:18  Pylon  
  167  15:19  Pylon  
  154  15:25  Dark Templar  
  154  15:26  Dark Templar x5  
  135  15:58  Nexus  
  135  16:00  Assimilator  
  122  16:14  Stalker x5  
  122  16:15  Stalker x3  
  122  16:17  Pylon  
  138  16:23  Pylon  
  138  16:28  Pylon  
  138  16:29  Assimilator  
  138  16:38  High Templar x6  
  138  16:39  Zealot x2  
  154  16:44  Archon x2  
  154  16:47  Archon x3  
  137  17:05  Zealot x2  

Tags
 
Add a new tag
Caveats
  • Supply blocks, unpowered buildings, or Contaminate may cause inaccurate times.
  • Supply counts are checked every 10 seconds.